 Dungeon Crawl Stone Soup version 0.20-a0-466-gc52d0eb (webtiles) character file.

8564 Unglaeubiger the Thaumaturge (level 11, 0/84 HPs)
             Began as a Mummy Necromancer on Jan 13, 2017.
             Was a High Priest of Okawaru.
             Slain by an Executioner (6 damage)
             ... on level 2 of the Abyss on Jan 14, 2017.
             The game lasted 03:08:11 (10590 turns).

Unglaeubiger the Thaumaturge (Mummy Necromancer)   Turns: 10590, Time: 03:08:12

Health: 0/84       AC: 10    Str:  8    XL:     11   Next: 11%
Magic:  21/23      EV: 19    Int: 19    God:    Okawaru [*****.]
Gold:   874        SH:  0    Dex: 17    Spells: 16/26 levels left

rFire  + . .     SeeInvis .     V - +5 rapier of Wondrous Power {speed, rPois Str-3 Int+5}
rCold  . . .     Gourm    .     U - +0 steam dragon scales
rNeg   + + +     Faith    .     (no shield)
rPois  ∞         Spirit   .     (no helmet)
rElec  .         Reflect  .     D - +0 cloak
rCorr  .         Harm     .     v - +1 pair of gloves
MR     +....                    (no boots)
Stlth  +++++.....               O - amulet of regeneration
                                o - ring of protection from fire
                                g - ring of fire

@: about to teleport, heroism
A: no food or potions, fire vulnerability, cold resistance 1, negative energy
resistance 3, torment resistance, unbreathing
a: Heroism, Finesse, Renounce Religion


You were on level 2 of the Abyss.
You worshipped Okawaru.
Okawaru was extremely pleased with you.
You were not hungry.

You visited 2 branches of the dungeon, and saw 12 of its levels.
You visited the Abyss 1 time.
You also visited: Sewer.

You collected 874 gold pieces.

Inventory:

Hand Weapons
 a - a +4 dagger of venom
 b - a +0 blowgun
 k - a +0 hunting sling
 m - a +2 short sword of venom
 E - a +0 scimitar
 M - a +1 dagger of venom
 R - a +0 long sword
 S - a +1 dagger of venom
 V - the +5 rapier of Wondrous Power (weapon) {speed, rPois Str-3 Int+5}
   (Okawaru gifted it to you on level 9 of the Dungeon)

   Attacks with this weapon are significantly faster.
   It affects your strength (-3).
   It affects your intelligence (+5).
   It protects you from poison.
 W - a +0 triple sword
Missiles
 d - 110 stones
 e - 3 needles of confusion
 f - 70 poisoned needles
 l - 34 sling bullets
 s - 3 silver tomahawks
 w - a throwing net
 x - 8 javelins (quivered)
 B - 31 bolts
 F - 5 needles of sleeping
 K - 22 arrows
Armour
 v - a +1 pair of gloves (worn)
 y - a +0 buckler
 A - a +2 leather armour of cold resistance
 D - a +0 cloak (worn)
 I - a +2 leather armour of magic resistance
 T - a +1 leather armour of fire resistance
 U - +0 steam dragon scales (worn)
 X - the +7 scale mail "Mial" {rElec rN+ Int+2, unknown}
   (You found it on level 2 of the Abyss)

   It affects your intelligence (+2).
   It insulates you from electricity.
   It protects you from negative energy.
Jewellery
 g - a ring of fire (left hand)
 o - a ring of protection from fire (right hand)
 O - an amulet of regeneration (around neck)
Wands
 n - a wand of acid (0/15)
 z - a wand of digging (9/24)
 H - a wand of flame (15/48)
 J - a wand of iceblast (0/15)
Scrolls
 c - 3 scrolls of summoning {unknown}
 h - 4 scrolls of remove curse
 q - a scroll of vulnerability {unknown}
 r - a scroll of magic mapping
 u - a scroll of immolation {unknown}
 C - a scroll of blinking {unknown}
 G - a scroll of amnesia
 N - a scroll of enchant weapon {unknown}
 P - 2 scrolls of holy word {unknown}
 Q - a scroll of random uselessness {unknown}
Books
 t - a book of Necromancy

   Spells                             Type                      Level
   a - Pain                           Necromancy                   1
   b - Animate Skeleton               Necromancy                   1
   c - Vampiric Draining              Necromancy                   3
   d - Regeneration                   Charms/Necromancy            3
   e - Animate Dead                   Necromancy                   4
   f - Control Undead                 Necromancy                   4
 L - a book of Maledictions

   Spells                             Type                      Level
   a - Corona                         Hexes                        1
   b - Ensorcelled Hibernation        Hexes/Ice                    2
   c - Confuse                        Hexes                        3
   d - Tukima's Dance                 Hexes                        3
   e - Dazzling Spray                 Conjuration/Hexes            3


   Skills:
 - Level 7.0(12.0) Fighting
 - Level 5.8(10.8) Short Blades
 - Level 2.0(7.0) Throwing
 - Level 4.4(9.4) Armour
 + Level 4.1(9.1) Dodging
 + Level 5.2(10.2) Stealth
 - Level 1.2(6.2) Shields
 - Level 8.0 Spellcasting
 - Level 1.0 Hexes
 - Level 7.0 Necromancy
 - Level 4.0 Invocations
 - Level 2.0 Evocations


You had 16 spell levels left.
You knew the following spells:

 Your Spells              Type           Power        Failure   Level  Hunger
a - Pain                  Necr           ####         1%          1    N/A
b - Animate Skeleton      Necr           N/A          1%          1    N/A
c - Vampiric Draining     Necr           ####......   1%          3    N/A
d - Animate Dead          Necr           N/A          6%          4    N/A
e - Corona                Hex            ##.....      8%          1    N/A

Dungeon Overview and Level Annotations

Branches:
Dungeon (11/15)            Temple (1/1) D:5            Lair (0/6) D:8
    Orc: D:9-12

Altars:
Ashenzari
Cheibriados
Dithmenos
Elyvilon
Fedhas
Gozag
Hepliaklqana
Kikubaaqudgha
Makhleb
Nemelex Xobeh
Okawaru
Qazlal
Ru
Sif Muna
Trog
Uskayaw
Vehumet
Xom
Yredelemnul
Zin
The Shining One

Annotations:
D:10 Sonja
D:11 Nergalle


Innate Abilities, Weirdness & Mutations

You do not eat or drink.
Your flesh is vulnerable to fire.
You are immune to poison.
Your flesh is cold resistant. (rC+)
You are immune to negative energy. (rN+++)
You are immune to unholy pain and torment.
You can survive without breathing.


Message History

The Executioner seems to speed up.
You gain the combat prowess of a mighty hero.
The Executioner misses you. The Executioner hits you.
The Executioner barely misses you. The Executioner hits you!
The Executioner closely misses you. The Executioner hits you.
The Executioner hits you!
The Executioner hits you but does no damage.
The Executioner closely misses you. x2; The Executioner hits you. x2
The Executioner hits you!
The Executioner hits you but does no damage.
The Executioner misses you. The Executioner hits you!!
* * * LOW HITPOINT WARNING * * *
The Executioner barely misses you. x2
As you read the scroll labeled ARPHUO CIGUDUK, it crumbles to dust.
It is a scroll of enchant armour.
Your +0 pair of gloves glows green for a moment.
The Executioner hits you!
* * * LOW HITPOINT WARNING * * *
The Executioner hits you.
You die...

# # . .. . . # .⌠ # #.
### #### # .. ....
######################.#
.......@1...............
#.####################.#
. # . . . # . . # . . #
.. . # .


You could see an Executioner.

Vanquished Creatures
  A two-headed ogre (D:8)
  Maurice (D:8)
  An orange demon (Abyss:2)
  Prince Ribbit (D:6)
  Grinder (D:3)
  Sigmund (D:3)
  A wyvern (D:11)
  11 yaks
  A steam dragon (D:9)
  2 hell hounds (D:8)
  6 orc warriors
  2 sky beasts (D:7)
  2 ice beasts
  2 ogres
  A black bear (D:8)
  A phantom (D:7)
  4 necrophages
  A centaur (D:7)
  Blork the orc (D:6)
  4 bullfrogs
  A gnoll sergeant (D:5)
  5 big kobolds
  5 scorpions
  5 killer bees (D:9)
  A wight (D:7)
  2 howler monkeys
  The ghost of M4edhros the Sneak, a weakling OpAr (D:3)
  A centaur zombie (D:7)
  A crimson imp (D:7)
  2 quasits
  2 bullfrog zombies
  5 hounds
  3 jellies
  9 orc wizards
  5 orc priests
  Crazy Yiuf (D:2)
  An iron imp (Abyss:2)
  Jessica (D:2)
  A bullfrog skeleton (D:4)
  6 iguanas
  4 worker ants
  Natasha (twice) (D:3)
  2 hound zombies
  2 hound skeletons (D:6)
  A mummy (D:7)
  A worker ant zombie (D:9)
  3 gnolls
  A river rat (D:6)
  11 adders
  4 shadow imps
  7 oozes
  3 adder skeletons
  3 adder zombies
  2 dart slugs (D:2)
  7 leopard geckos
  38 orcs
  10 giant cockroaches
  7 goblins
  7 hobgoblins
  4 jackals (D:1)
  21 kobolds
  A quokka (D:5)
  7 ball pythons
  5 bats
  4 frilled lizards
  9 rats
269 creatures vanquished.

Vanquished Creatures (collateral kills)
  A yak (D:9)
  A hornet zombie (D:6)
  A centaur zombie (D:7)
  A hound (D:5)
  A jelly (D:8)
  An orc priest (D:5)
  A bullfrog skeleton (D:7)
  A centaur skeleton (D:9)
  2 orc wizards
  A hound zombie (D:7)
  2 gnolls (D:5)
  A shadow imp (D:9)
  An ooze (D:8)
  6 orcs
  2 goblins (D:9)
  2 kobolds
  A bat (D:2)
  A leopard gecko zombie (D:7)
  A plant (Sewer)
28 creatures vanquished.

Grand Total: 297 creatures vanquished

Notes
Turn   | Place    | Note
-------+----------+-------------------------------------------
     0 | D:1      | Unglaeubiger the Mummy Necromancer began the quest for the Orb.
     0 | D:1      | Reached XP level 1. HP: 13/13 MP: 4/4
   149 | D:1      | Learned a level 1 spell: Animate Skeleton
   269 | D:1      | Reached skill level 1 in Fighting
   402 | D:1      | Reached XP level 2. HP: 22/22 MP: 2/5
   464 | D:1      | Reached skill level 3 in Spellcasting
  1182 | D:2      | Reached skill level 1 in Short Blades
  1182 | D:2      | Reached XP level 3. HP: 27/27 MP: 3/7
  1246 | D:2      | Found a runed door.
  1589 | D:2      | Reached XP level 4. HP: 22/33 MP: 3/8
  1731 | D:2      | Noticed Jessica
  1736 | D:2      | Killed Jessica
  1746 | D:2      | Learned a level 3 spell: Vampiric Draining
  1828 | D:3      | Noticed Sigmund
  2010 | D:3      | Noticed M4edhros's ghost (weakling OpAr)
  2024 | D:3      | Killed M4edhros's ghost
  2024 | D:3      | Reached XP level 5. HP: 36/40 MP: 7/9
  2114 | D:3      | Noticed Natasha
  2116 | D:3      | Noticed Grinder
  2124 | D:3      | Killed Natasha
  2129 | D:3      | Killed Grinder
  2129 | D:3      | Reached skill level 5 in Necromancy
  2129 | D:3      | Reached XP level 6. HP: 26/46 MP: 10/10
  2143 | D:3      | Learned a level 4 spell: Animate Dead
  2423 | D:3      | Noticed Natasha
  2429 | D:3      | Killed Natasha
  2786 | D:2      | Noticed Crazy Yiuf
  2792 | D:2      | Killed Crazy Yiuf
  2792 | D:2      | Reached XP level 7. HP: 34/52 MP: 1/11
  3249 | D:3      | Killed Sigmund
  3249 | D:3      | Reached skill level 4 in Spellcasting
  3249 | D:3      | Reached skill level 1 in Evocations
  3269 | D:5      | Entered Level 5 of the Dungeon
  3599 | D:5      | Found a bloodstained altar of Trog.
  3694 | D:5      | Reached XP level 8. HP: 59/60 MP: 14/14
  3768 | D:5      | Found a staircase to the Ecumenical Temple.
  3778 | Temple   | Entered the Ecumenical Temple
  3898 | Temple   | Became a worshipper of Warmaster Okawaru
  4200 | D:5      | Reached skill level 5 in Spellcasting
  4378 | D:5      | Reached skill level 1 in Armour
  4467 | D:6      | Noticed Blork the orc
  4467 | D:6      | Noticed Prince Ribbit
  4675 | D:6      | Found a glowing drain.
  4716 | Sewer    | Entered a sewer
  4839 | Sewer    | Reached * piety under Okawaru
  5226 | D:6      | Reached skill level 1 in Throwing
  5540 | D:6      | Reached XP level 9. HP: 55/65 MP: 17/17
  5778 | D:6      | Killed Prince Ribbit
  5778 | D:6      | Reached ** piety under Okawaru
  5778 | D:6      | Reached skill level 1 in Invocations
  5852 | D:6      | Killed Blork the orc
  6122 | D:7      | Reached skill level 5 in Fighting
  6375 | D:7      | Reached *** piety under Okawaru
  6616 | D:7      | Reached skill level 6 in Spellcasting
  6787 | D:7      | Reached skill level 7 in Spellcasting
  7137 | D:8      | Reached skill level 1 in Shields
  7205 | D:8      | Found a staircase to the Lair.
  7320 | D:8      | Learned a level 1 spell: Corona
  7357 | D:8      | Reached XP level 10. HP: 62/76 MP: 20/20
  7402 | D:8      | Reached skill level 1 in Hexes
  7524 | D:8      | Noticed a two-headed ogre
  7529 | D:8      | Noticed Maurice
  7534 | D:8      | Killed a two-headed ogre
  7534 | D:8      | Reached **** piety under Okawaru
  7566 | D:8      | Killed Maurice
  7566 | D:8      | Received a gift from Okawaru
  7566 | D:8      | Reached skill level 5 in Short Blades
  7643 | D:8      | HP: 3/77 [hell hound/blast of flame (10)]
  8065 | D:8      | You fall through a shaft for 3 floors!
  8124 | D:11     | Received a gift from Okawaru
  8124 | D:11     | Reached skill level 8 in Spellcasting
  8182 | D:11     | Noticed Nergalle
  8453 | D:10     | Entered Level 10 of the Dungeon
  8550 | D:9      | Reached skill level 5 in Stealth
  8659 | D:9      | Found an iron altar of Okawaru.
  8837 | D:8      | Reached ***** piety under Okawaru
  8965 | D:8      | Found a sparkling altar of Nemelex Xobeh.
  9650 | D:9      | Reached XP level 11. HP: 72/84 MP: 15/23
  9974 | D:9      | Received a gift from Okawaru
  9989 | D:9      | Got a smoking rapier {god gift}
  9990 | D:9      | Identified the +5 rapier of Wondrous Power {speed, rPois Str-3 Int+5} (Okawaru gifted it to you on level 9 of the Dungeon)
 10226 | D:10     | Noticed Sonja
 10229 | D:10     | Cast into level 2 of the Abyss (Sonja)
 10260 | Abyss:2  | Got a steaming scale mail
 10314 | Abyss:2  | Found a corrupted altar of Lugonu.
 10317 | Abyss:2  | Noticed a starcursed mass
 10328 | Abyss:2  | Noticed a mana viper
 10341 | Abyss:2  | Noticed a thrashing horror
 10584 | Abyss:2  | Noticed an Executioner
 10590 | Abyss:2  | Slain by an Executioner

Vault maps used:
D:1:      minmay_arrival_widening_spiral_narrow
D:2:      first_bread, minmay_cupped, uniq_crazy_yiuf_cottage, uniq_jessica
D:3:      uniq_grinder, uniq_natasha, uniq_sigmund
D:4:      grunt_ministairs_15, solitary_fountain
D:5:      trog_three_pillars_becter
D:6:      portal_sewer_entry_b, uniq_blork_the_orc, uniq_prince_ribbit1
D:7:      serial_undead, serial_undead_b, serial_undead_f, serial_undead_a,
          serial_undead_c, serial_undead_c, serial_undead_a
D:8:      minmay_lair_entry_lava, hangedman_little_slice_of_home,
          nemelex_xobeh_ov_fountains_minmay, uniq_maurice
D:9:      minmay_goldmine, kennysheep_okawaru_gauntlet
D:10:     uniq_harold, uniq_sonja
D:11:     uniq_nergalle
Temple:   regret_index_temple_sigil_plot
Sewer:    kennysheep_pipe_town

Skill      XL: |  1  2  3  4  5  6  7  8  9 10 11 |
---------------+----------------------------------+-----
Fighting       | 1 2 3 4 6 7 |  7.0
Spellcasting   | 3 4 5 7 8 |  8.0
Short Blades   | 1 2 3 4 5 |  5.8
Stealth        | 2 5 |  5.2
Necromancy     | 5 6 7 |  7.0
Dodging        | 2 3 4 |  4.1
Evocations     | 1 2 |  2.0
Armour         | 4 |  4.4
Throwing       | 2 |  2.0
Invocations    | 2 3 4 |  4.0
Shields        | 1 |  1.2
Hexes          | 1 |  1.0

Action                   |  1- 3 |  4- 6 |  7- 9 | 10-12 || total
-------------------------+-------+-------+-------+-------++-------
Melee: Unarmed           |     1 |       |       |       ||     1
       Short sword       |    33 |    21 |    85 |       ||   139
       Dagger            |       |    21 |   327 |   234 ||   582
       Punch             |       |       |       |     1 ||     1
       Rapier            |       |       |       |     6 ||     6
 Fire: Blowgun           |       |       |    15 |    64 ||    79
       Hunting sling     |       |       |       |     8 ||     8
Throw: Stone             |       |     1 |     1 |     1 ||     3
       Javelin           |       |       |    23 |    15 ||    38
       Throwing net      |       |       |     1 |       ||     1
 Cast: Pain              |    48 |    31 |    89 |     3 ||   171
       Animate Skeleton  |     9 |    12 |    19 |       ||    40
       Vampiric Draining |       |     1 |    31 |    32 ||    64
       Animate Dead      |       |       |    13 |    19 ||    32
       Corona            |       |       |       |     5 ||     5
Invok: Heroism           |       |       |       |     3 ||     3
Evoke: Wand              |       |     4 |     7 |    12 ||    23
  Use: Scroll            |       |       |    10 |     8 ||    18
 Stab: Sleeping          |     2 |     3 |     6 |     5 ||    16
       Held in net/web   |       |       |     1 |       ||     1
Armor: Robe              |     7 |     9 |    10 |       ||    26
       Leather armour    |       |       |    78 |    39 ||   117
       Steam dragon scal |       |       |       |     5 ||     5
Dodge: Dodged            |    29 |    15 |   204 |   150 ||   398
